Cogmind - Beta 13 X1 @@@ ROGUE MODE // 2023.08.17 @ 02:11:50 // AFD2020/Player2 Player: cptwinky Result: Escaped! Performance ------------- Evolutions (9) 4500 Regions Visited (29) 5800 Robots Destroyed (226) 1130 Value Destroyed (9037) 9037 Prototype IDs (67) 1340 Alien Tech Used (2) 400 Bonus (4973) 4973 TOTAL SCORE: 27180 Bonus ------- High Alert Combat Kills 902 Follower Combat Kills 6631 Entered Garrisons 400 Used RIF Installer 1000 Met Data Miner 300 Met Zhirov 300 Win 3000 Friendly Fire -7560 Cogmind --------- Core Integrity 1456/1600 Matter 204/300 Energy 636/655 System Corruption 8% Temperature Cool (22) Movement Treading (170) Location To Epsilon Eridani Parts ------- > --- POWER (3) -------- Neutrino Core Light Quantum Reactor Reinforced Quantum Reactor > --- PROPULSION (6) --- Heavy Siege Treads Armored Heavy Treads Advanced Heavy Siege Treads > --- UTILITY (13) ----- Advanced Cooling System High-capacity Storage Unit Enhanced Optical Array Improved Signal Interpreter Makeshift Ablative Armor Improved Powered Armor Improved Hacking Suite Improved Hacking Suite Improved System Shield Advanced System Shield Relay Coupler [NC] (24) Relay Coupler [Swarmer] (10) Relay Coupler [Sentry] (17) > --- WEAPON (3) ------- Advanced Remote Datajack > --- INVENTORY (20) --- Biometal Heavy Treads Matter Compressor (250) Long-range Sensor Array Tactical Coordination Suite Precision Matter Filter Advanced Transmission Jammer Heavy Reflective Plating Makeshift Ablative Armor Transdimensional Reconstructor Compact HERF Cannon Matter Neutralizer Hardcell Cannon Hardcell Cannon Tesla Bomb Launcher Heavy Missile Launcher Advanced Remote Datajack CR-A16's Behemoth Slayer Sapper Charge Peak State ------------ > --- POWER ------------ F-cell Engine Neutrino Core Reinforced Quantum Reactor > --- PROPULSION ------- Advanced Medium Treads Advanced Medium Treads Armored Heavy Treads Advanced Heavy Siege Treads > --- UTILITY ---------- Advanced Cooling System High-capacity Storage Unit Enhanced Optical Array Long-range Sensor Array Improved Signal Interpreter Makeshift Ablative Armor Makeshift Ablative Armor Improved Powered Armor Makeshift Hacking Suite Improved Hacking Suite Improved Hacking Suite Advanced System Shield Relay Coupler [Sentry] > --- WEAPON ----------- Matter Neutralizer Multirail Hardcell Cannon > --- INVENTORY -------- Biometal Heavy Treads Matter Compressor Tactical Coordination Suite Precision Matter Filter Advanced Transmission Jammer Heavy Reflective Plating Improved System Shield Relay Coupler [NC] Relay Coupler [Swarmer] Transdimensional Reconstructor Compact HERF Cannon Hardcell Cannon Tesla Bomb Launcher Heavy Missile Launcher Advanced Remote Datajack Advanced Remote Datajack CR-A16's Behemoth Slayer Sapper Charge [Rating: 173] Favorites ----------- Power Cold Fusion Reactor Engine Heavy Ion Engine Power Core Enhanced Nuclear Core Reactor Cold Fusion Reactor Propulsion Light Treads Treads Light Treads Leg Aluminum Leg Utility High-capacity Storage Unit Device Advanced Sensor Array Storage High-capacity Storage Unit Processor Advanced Targeting Computer Hackware Relay Coupler [NC] Protection Hardened Medium Armor Plating Weapon Improved Light Cannon Energy Gun Medium Laser Energy Cannon Matter Neutralizer Ballistic Gun Precision Assault Rifle Ballistic Cannon Improved Light Cannon Launcher Rocket Launcher Special Weapon Advanced Remote Datajack Impact Weapon Heavy Mace Slashing Weapon Makeshift Axe Piercing Weapon CR-A16's Pointy Stick Special Melee Weapon Datajack Build | -11 -10 -10 -9 -9 -9 -8 -8 -8 -8 -8 -7 -7 -7 -7 -6 -6 -6 -6 -6 -5 -5 -4 -4 -4 -4 -3 -3 -2 -1 ------- Run | Jun Mat Min Mat Min Exi Min Mat Gar Mat Gar Fac Low Low Dat Pro Fac Low Low Zio Pro Fac Fac Upp Upp Zhi Pro Res Res Acc Slots Evolved 18 | . . . 2 . . . 2 . . . 2 . . . . 2 . . . . 2 2 . . . . 2 2 2 Power 2 | . . . . . . . . . . . . . . . . 1 . . . . . . . . . . 1 . . Propulsion 4 | . . . 1 . . . . . . . 1 . . . . . . . . . 1 1 . . . . . . . Utility 11 | . . . 1 . . . 2 . . . 1 . . . . 1 . . . . 1 1 . . . . 1 1 2 Weapon 1 | . . . . . . . . . . . . . . . . . . . . . . . . . . . . 1 . Parts Attached 357 | 3 4 7 17 2 3 . 21 16 2 7 18 17 7 2 18 20 17 15 1 11 17 7 12 23 6 6 19 22 37 Power 13 | . . . 1 . . . 2 . . . . . . . . 3 . . . . . 1 1 . 1 . 2 1 1 Engine 4 | . . . 1 . . . 2 . . . . . . . . . . . . . . . . . . . 1 . . Core 4 | . . . . . . . . . . . . . . . . 2 . . . . . . . . 1 . 1 . . Reactor 5 | . . . . . . . . . . . . . . . . 1 . . . . . 1 1 . . . . 1 1 Propulsion 45 | 2 . 1 4 . 1 . 4 3 . 1 6 . . . 1 1 1 3 . 1 2 1 . 2 . . 2 6 3 Treads 45 | 2 . 1 4 . 1 . 4 3 . 1 6 . . . 1 1 1 3 . 1 2 1 . 2 . . 2 6 3 Leg . | . . . . . . . . . . . . . . . . . . . . . . . . . . . . . . Wheel . | . . . . . . . . . . . . . . . . . . . . . . . . . . . . . . Hover . | . . . . . . . . . . . . . . . . . . . . . . . . . . . . . . Flight . | . . . . . . . . . . . . . . . . . . . . . . . . . . . . . . Utility 127 | . 3 1 5 . . . 5 3 . . 7 7 5 . 4 2 7 8 1 6 8 2 9 6 3 4 4 11 16 Device 66 | . . . . . . . 1 1 . . 5 6 4 . 4 . 3 5 . 4 5 1 6 3 2 4 1 7 4 Storage 3 | . 2 . . . . . . . . . . . . . . . . . . . . . . . . . . 1 . Processor 11 | . 1 . 2 . . . 2 . . . . . 1 . . . 1 1 . . . 1 . 1 . . 1 . . Hackware 16 | . . . . . . . 1 1 . . 1 . . . . . . . . . 1 . . . . . 1 1 10 Protection 31 | . . 1 3 . . . 1 1 . . 1 1 . . . 2 3 2 1 2 2 . 3 2 1 . 1 2 2 Artifact . | . . . . . . . . . . . . . . . . . . . . . . . . . . . . . . Weapon 172 | 1 1 5 7 2 2 . 10 10 2 6 5 10 2 2 13 14 9 4 . 4 7 3 2 15 2 2 11 4 17 Energy Gun 2 | . 1 . . 1 . . . . . . . . . . . . . . . . . . . . . . . . . Energy Cannon 12 | . . . . . . . . . . . . . . . . . . . . . . . . 2 . 1 3 3 3 Ballistic Gun 15 | 1 . . . . . . . . . . . . 1 . 1 5 3 1 . 1 . . . 1 . . . . 1 Ballistic Cannon 70 | . . 3 4 1 1 . 6 5 1 3 2 5 1 1 8 2 2 1 . 1 4 2 1 5 1 1 5 . 4 Launcher 35 | . . 2 3 . . . 2 5 . . 2 4 . . 2 2 4 2 . 1 . 1 1 1 . . 2 . 1 Special Weapon 9 | . . . . . . . . . . . . . . . . . . . . . . . . 1 . . 1 1 6 Impact Weapon 10 | . . . . . . . 1 . 1 3 . . . . 1 4 . . . . . . . . . . . . . Slashing Weapon 2 | . . . . . . . . . . . . . . . . . . . . . . . . 2 . . . . . Piercing Weapon 5 | . . . . . . . . . . . . . . . . . . . . 1 1 . . . 1 . . . 2 Special Melee Weapon 12 | . . . . . 1 . 1 . . . 1 1 . 1 1 1 . . . . 2 . . 3 . . . . . Unidentified Prototypes 7 | . . . . . . . . . . . . . . . . . . . . 1 . 2 . . 3 . . . 1 Corrupted Parts 1 | . . . . . . . . . . . . . . . . . . . . . . . . . . . . . 1 System Corruption 3 | . . . . . . . . . . . . . . . . . . . . . . . . . . . . . 3 Parts Lost 17 | . . 1 1 . . . 2 1 . . 1 . . . 2 1 1 . . . 1 1 3 . . . 1 . 1 Power 1 | . . . . . . . . . . . . . . . . . . . . . . . . . . . . . 1 Propulsion 3 | . . . . . . . . . . . . . . . 1 . . . . . 1 . 1 . . . . . . Utility 11 | . . 1 1 . . . 1 1 . . 1 . . . . 1 1 . . . . 1 2 . . . 1 . . Weapon 2 | . . . . . . . 1 . . . . . . . 1 . . . . . . . . . . . . . . Highest Loss Streak 2 | . . 1 1 . . . 1 1 . . 1 . . . 2 1 1 . . . 1 1 1 . . . 1 . 1 To Critical Strikes . | . . . . . . . . . . . . . . . . . . . . . . . . . . . . . . Average Slot Usage (%) 96 | . 87 86 97 100 100 100 98 97 100 100 99 100 100 100 99 93 99 99 100 100 97 90 89 92 92 94 94 94 91 Engine 5 | . 14 14 11 11 11 11 9 9 9 9 7 7 7 7 7 . . . . . . . . . . . 4 4 2 Core 1 | . . . . . . . . . . . . . . . . 10 6 6 6 6 5 3 . . 2 5 4 4 4 Reactor 2 | . . . . . . . . . . . . . . . . 1 6 6 6 6 5 6 10 10 7 5 4 4 4 Treads 27 | . 28 28 33 33 33 33 27 27 27 27 30 30 30 30 29 26 26 26 26 26 27 26 21 24 26 26 23 20 16 Device 6 | . . . . . . . 4 . . . 6 7 7 7 7 6 4 5 5 5 7 5 11 16 19 21 17 17 9 Storage 7 | . 14 14 11 11 11 11 9 9 9 9 7 7 7 7 7 6 6 6 6 6 5 5 5 5 5 5 4 4 4 Processor 14 | . 2 . 8 11 11 11 13 18 18 18 15 15 15 15 15 13 15 20 20 20 17 19 21 15 15 15 17 13 8 Hackware 4 | . . . . . . . 7 6 9 9 8 7 7 7 7 6 3 . . . 1 5 5 3 . . 1 4 20 Protection 8 | . . 1 11 11 11 11 8 9 9 9 5 7 7 7 7 6 14 12 13 13 11 7 3 4 5 5 4 7 9 Ballistic Gun 1 | . 14 8 . . . . . . . . . . . . 3 2 5 5 6 5 4 . . . . . . . 2 Ballistic Cannon 11 | . . 8 21 21 16 22 17 17 17 15 13 14 14 14 11 6 6 6 6 5 4 10 9 8 6 9 8 8 5 Naked Turns . | . . . . . . . . . . . . . . . . . . . . . . . . . . . . . . Heaviest Build 161 | 13 49 61 64 61 61 61 64 65 64 64 69 72 69 69 69 87 87 87 87 87 84 85 105 104 106 107 122 159 161 Greatest Support 210 | 40 40 40 60 60 60 60 60 60 60 60 104 98 98 98 98 92 90 90 80 88 116 166 166 181 181 181 181 210 210 Greatest Overweight (x) 1 | . 1 1 1 1 1 1 1 1 1 1 . . . . . . . 1 1 1 . . . . . . . . . Average Overweight (x) . | . . 1 . . . 1 . 1 1 1 . . . . . . . . . . . . . . . . . . . Largest Inventory Capacity 20 | 8 20 20 20 20 20 20 20 20 20 20 20 20 20 20 20 20 20 20 20 20 20 20 20 20 20 20 20 20 20 Average Capacity 19 | 8 18 20 20 20 20 20 20 20 20 20 20 20 20 20 20 20 20 20 20 20 20 20 20 20 20 20 20 20 20 Most Carried 20 | 6 19 20 20 20 20 20 20 20 20 20 20 20 20 19 20 20 20 20 20 20 20 20 20 20 20 20 20 20 20 Average Carried 19 | 6 11 18 18 18 19 20 19 19 19 20 19 19 18 19 19 19 19 19 19 19 19 19 19 19 19 19 19 19 19 Final Capacity 20 | 8 20 20 20 20 20 20 20 20 20 20 20 20 20 20 20 20 20 20 20 20 20 20 20 20 20 20 20 20 20 Final Carried 20 | 6 19 19 18 20 20 20 20 19 20 20 20 20 19 19 20 20 20 20 20 20 19 20 20 20 20 20 20 20 20 Class Distribution -------------------- 38% | Bothacker-Mutant 17% | Mutant 13% | Scavenger-Mutant 13% | Scavenger-Skirmisher 9% | Bothacker-Skirmisher Dominant Class ---------------- Mutant | -10/Materials Mutant | -10/Mines Mutant | -9/Materials Mutant | -9/Mines Mutant | -9/Exiles Mutant | -8/Mines Scavenger-Mutant | -8/Materials Scavenger-Mutant | -8/Garrison Bothacker-Mutant | -8/Materials Bothacker-Mutant | -8/Garrison Bothacker-Mutant | -7/Factory Bothacker-Mutant | -7/Lower Caves Bothacker-Mutant | -7/Lower Caves Bothacker-Mutant | -7/Data Miner Bothacker-Mutant | -6/Proximity Caves Bothacker-Mutant | -6/Factory Bothacker-Mutant | -6/Lower Caves Scavenger-Skirmisher | -6/Lower Caves Scavenger-Skirmisher | -6/Zion Scavenger-Skirmisher | -5/Proximity Caves Bothacker-Mutant | -5/Factory Bothacker-Skirmisher | -4/Factory Bothacker-Skirmisher | -4/Upper Caves Bothacker-Skirmisher | -4/Upper Caves Derelict-Assassin | -4/Zhirov Scavenger-Skirmisher | -3/Proximity Caves Scavenger-Mutant | -3/Research Bothacker-Skirmisher | -2/Research Hacker-Tank | -1/Access Resources | -11 -10 -10 -9 -9 -9 -8 -8 -8 -8 -8 -7 -7 -7 -7 -6 -6 -6 -6 -6 -5 -5 -4 -4 -4 -4 -3 -3 -2 -1 ----------- Run | Jun Mat Min Mat Min Exi Min Mat Gar Mat Gar Fac Low Low Dat Pro Fac Low Low Zio Pro Fac Fac Upp Upp Zhi Pro Res Res Acc Matter Collected 10663 | 195 134 120 744 68 30 . 602 407 6 196 661 397 297 . 629 359 574 535 . 298 229 187 307 744 70 56 395 816 1607 Remotely . | . . . . . . . . . . . . . . . . . . . . . . . . . . . . . . Salvage Created 8167 | . 247 61 770 128 . . 751 293 . 14 266 168 270 . 450 428 313 322 . 83 139 86 85 660 109 107 587 508 1322 Parts 426 | . 12 5 67 7 . . 45 18 . 2 16 14 9 . 9 20 14 16 . 2 7 7 5 32 . 4 29 29 57 Haulers Intercepted 10 | . 1 . 3 . . . 4 . . . . . . . . . . . . . . . . . . . 1 . 1 Recyclers Shooed 14 | . 1 . 1 . . . . . 1 . 3 . . . . 3 . . . . . . . . . . 3 . 2 Parts Field Recycled . | . . . . . . . . . . . . . . . . . . . . . . . . . . . . . . Retrieved Matter . | . . . . . . . . . . . . . . . . . . . . . . . . . . . . . . Parts Self-Destructed 119 | . . . . . . . . . . . . 18 2 . 10 . 11 14 1 18 . . 17 22 . 6 . . . Prevented 7 | . . . . . . . . . . . . 3 1 . 2 . . . . . . . . 1 . . . . . Kills | -11 -10 -10 -9 -9 -9 -8 -8 -8 -8 -8 -7 -7 -7 -7 -6 -6 -6 -6 -6 -5 -5 -4 -4 -4 -4 -3 -3 -2 -1 ------- Run | Jun Mat Min Mat Min Exi Min Mat Gar Mat Gar Fac Low Low Dat Pro Fac Low Low Zio Pro Fac Fac Upp Upp Zhi Pro Res Res Acc Combat Hostiles Destroyed 171 | . 6 5 19 2 . . 18 11 . 1 8 10 2 . 10 6 12 8 . 2 3 2 5 4 . 2 14 7 14 Guns 19 | . 6 1 . . . . . . . . . . . . . 3 3 1 . . . . . . . . . . 5 Cannons 79 | . . . 14 2 . . 14 2 . 1 5 4 2 . 1 3 . . . . 1 2 2 2 . 2 7 7 8 AOE 71 | . . 4 5 . . . 4 9 . . 3 6 . . 9 . 9 7 . 2 2 . 3 2 . . 6 . . Classes Destroyed 21 | . 3 1 6 1 . . 5 . . . . 1 1 . 2 . . . . . . . . . . . . . 1 Worker 8 | . . . 1 . . . 1 . . . 1 . . . . 2 . . . . . . . . . . . . 3 Builder 12 | . . . 3 . . . . . . . 2 . . . . 2 . . . . . . . . . . . 2 3 Tunneler 1 | . . . . . . . 1 . . . . . . . . . . . . . . . . . . . . . . Hauler 10 | . 1 . 3 . . . 4 . . . . . . . . . . . . . . . . . . . 1 . 1 Recycler 6 | . . . 2 . . . . . . . 2 . . . . . . . . . . . . . . . . . 2 Operator 1 | . . . . . . . 1 . . . . . . . . . . . . . . . . . . . . . . Watcher 3 | . . . . . . . 1 . . . . . . . . 1 . . . . . . . . . . 1 . . Swarmer 44 | . 2 . 6 . . . . 3 . 1 . 7 . . . . 7 7 . . . . 3 2 . . 6 . . Grunt 73 | . 4 3 6 2 . . 11 8 . . 5 2 1 . 7 3 4 1 . 2 1 . 1 1 . 1 4 3 3 Brawler 4 | . . . 2 . . . . . . . . . . . 1 . . . . . . . 1 . . . . . . Duelist 2 | . . . . . . . . . . . . 1 . . . . . . . . . . . 1 . . . . . Protector 1 | . . . 1 . . . . . . . . . . . . . . . . . . . . . . . . . . Sentry 14 | . . . 4 . . . 4 . . . . . . . . 3 1 . . . . . . . . 1 . 1 . Specialist 2 | . . . . . . . . . . . . . . . 1 . . . . . . . . . . . . 1 . Hunter 8 | . . . . . . . 2 . . . 3 . . . . . . . . . . . . . . . 3 . . Programmer 17 | . . . . . . . . . . . . . . . 1 . . . . . 2 2 . . . . 1 2 9 Heavy 2 | . . . . . . . 1 . . . . . . . . . . . . . . . . . . . . . 1 Behemoth 1 | . . . . . . . . . . . . . . . . . . . . . . . . . . . . . 1 Enhanced Grunt 1 | . . . . . . . . . . . . . . . 1 . . . . . . . . . . . . . . Zionite 1 | . . . . 1 . . . . . . . . . . . . . . . . . . . . . . . . . Decomposer 1 | . . . . . . . . . . . . . . . . . . 1 . . . . . . . . . . . Assembled 2 | . . 2 . . . . . . . . . . . . . . . . . . . . . . . . . . . Thug 4 | . . . . 1 . . . . . . . . . . . . . . . . . . . 3 . . . . . Savage 1 | . . . . . . . . . . . . . . . . . . 1 . . . . . . . . . . . Butcher 1 | . . . . . . . . . . . . . . . . . . 1 . . . . . . . . . . . Guerrilla 4 | . . . . . . . . . . . . . 2 . . . . . . . . . . 2 . . . . . Mutant 3 | . . . . . . . . . . . . . 1 . . . . 1 . . . . . 1 . . . . . Commander 2 | . . . . . . . . . . . . . 1 . . . . . . . . . . 1 . . . . . Best Kill Streak 9 | . 2 2 4 2 . . 4 4 . 1 4 4 1 . 9 3 7 4 . 2 2 2 3 2 . 1 4 3 6 Combat Bots Only 9 | . 2 2 4 2 . . 3 4 . 1 2 4 1 . 9 2 7 4 . 2 2 2 3 2 . 1 4 3 4 Max Kills in Single Turn 4 | . 1 1 3 1 . . 3 3 . 1 3 2 1 . 3 1 3 4 . 2 2 1 3 1 . 1 2 2 2 Gunslinging . | . . . . . . . . . . . . . . . . . . . . . . . . . . . . . . Exploded 4 | . . 1 3 . . . 2 3 . . 2 2 . . 3 . 3 4 . 2 2 . 3 1 . . 2 . . Melee . | . . . . . . . . . . . . . . . . . . . . . . . . . . . . . . Uniques/NPCs Destroyed . | . . . . . . . . . . . . . . . . . . . . . . . . . . . . . . Combat | -11 -10 -10 -9 -9 -9 -8 -8 -8 -8 -8 -7 -7 -7 -7 -6 -6 -6 -6 -6 -5 -5 -4 -4 -4 -4 -3 -3 -2 -1 -------- Run | Jun Mat Min Mat Min Exi Min Mat Gar Mat Gar Fac Low Low Dat Pro Fac Low Low Zio Pro Fac Fac Upp Upp Zhi Pro Res Res Acc Damage Taken 9418 | . 207 156 616 54 . . 878 489 71 86 308 319 218 . 441 881 527 149 . 292 447 280 284 90 . . 680 442 1503 Core 727 | . 42 . 58 . . . 111 51 19 . 8 26 13 . 75 87 32 18 . . 73 25 . . . . 43 27 19 Absorbed by Shields 668 | . . . . . . . . . . . 52 60 56 . 80 344 8 . . . . . 68 . . . . . . Reduced by Siege Mode 105 | . . . . . . . . . . . . . . . . . . . . . . . . . . . . . 105 Regen/Repaired (Parts) 1038 | . . . 160 . . . 328 . . . 100 . . . . 450 . . . . . . . . . . . . . Core Remaining (%) 73 | 100 . 42 . . . 56 . . . 54 . . . . 64 . . . . 58 85 . . . . 86 85 82 91 Volleys Fired 777 | . 29 16 50 18 . . 57 24 9 6 35 25 56 . 40 31 23 52 . 22 13 8 18 56 . 10 48 27 104 Largest 3 | . 2 2 2 2 . . 2 2 2 2 2 2 2 . 2 2 2 2 . 2 2 2 2 2 . 2 2 3 3 Hottest 235 | . 70 78 78 78 . . 78 78 78 78 78 78 78 . 78 83 76 76 . 76 76 113 113 130 . 130 130 235 235 Shots Fired 1237 | . 55 25 97 24 . . 107 37 18 8 64 46 66 . 45 55 38 63 . 29 17 15 30 62 . 14 78 49 195 Gun 271 | . 55 16 . 12 . . . . . . . . 45 . 1 17 15 39 . 11 4 . . 13 . . . . 43 Cannon 874 | . . 2 94 12 . . 100 27 18 8 58 42 21 . 37 36 16 21 . 16 13 15 28 45 . 14 73 43 135 Launcher 68 | . . 7 3 . . . 7 10 . . 6 4 . . 7 2 7 3 . 2 . . 2 3 . . 4 . 1 Special 24 | . . . . . . . . . . . . . . . . . . . . . . . . 1 . . 1 6 16 Kinetic 995 | . 28 10 94 12 . . 100 27 18 8 58 42 66 . 38 53 31 60 . 27 17 15 28 38 . 8 63 23 131 Thermal 142 | . 27 8 . 12 . . . . . . . . . . . . . . . . . . . 20 . 6 4 18 47 Explosive 67 | . . 7 3 . . . 7 10 . . 6 4 . . 7 2 7 3 . 2 . . 2 3 . . 4 . . Electromagnetic 9 | . . . . . . . . . . . . . . . . . . . . . . . . . . . 6 2 1 Robot Hit Streak 22 | . 18 12 7 8 . . 17 4 5 3 7 4 21 . 12 14 17 17 . 8 9 9 8 12 . 5 10 9 22 Robot Miss Streak 5 | . 3 3 2 2 . . 5 3 2 1 4 3 2 . 3 1 2 1 . 2 2 1 2 2 . 1 1 2 4 Penetration Max 1 | . . . . . . . . . . . . . . . . . . . . . . . . . . . . . 1 Secondary Targets . | . . . . . . . . . . . . . . . . . . . . . . . . . . . . . . Shots Hit Robots 810 | . 43 13 63 19 4 . 77 22 12 3 42 28 55 1 14 47 25 43 . 14 7 12 20 41 5 6 49 26 119 Core Hits 448 | . 14 12 34 8 . . 47 23 5 1 29 17 18 . 38 17 20 22 . 11 3 5 8 17 . 5 28 11 55 Critical Kills . | . . . . . . . . . . . . . . . . . . . . . . . . . . . . . . Critical Parts Destroyed 2 | . . . . . . . . . . . . . . . . . . 1 . . 1 . . . . . . . . Critical Strikes 37 | . 4 . 2 1 . . 4 . . . 3 2 1 . 1 . . 1 . . 1 2 1 2 . . 7 1 4 Burn 5 | . 4 . . 1 . . . . . . . . . . . . . . . . . . . . . . . . . Destroy 2 | . . . . . . . . . . . . . . . . . . 1 . . 1 . . . . . . . . Blast 29 | . . . 2 . . . 4 . . . 3 2 1 . 1 . . . . . . 2 1 1 . . 7 1 4 Sever 1 | . . . . . . . . . . . . . . . . . . . . . . . . 1 . . . . . Melee Attacks 87 | . . . . . 4 . 2 . 1 7 1 1 . 1 6 26 . . . 3 8 . . 20 5 . . . 2 Impact 40 | . . . . . . . 2 . 1 7 . . . . 5 25 . . . . . . . . . . . . . Slashing 14 | . . . . . . . . . . . . . . . . . . . . . . . . 14 . . . . . Piercing 12 | . . . . . . . . . . . . . . . . . . . . 3 5 . . . 2 . . . 2 Sneak Attacks 37 | . . . . . 4 . . . . . 1 1 . 1 1 4 . . . . . . . 20 3 . . . 2 Combat Hostiles 1 | . . . . . . . . . . . . . . . . . . . . . . . . . . . . . 1 Follow-up Attacks . | . . . . . . . . . . . . . . . . . . . . . . . . . . . . . . Damage Inflicted 29513 | . 576 563 1775 354 . . 2353 1068 251 69 1679 1161 968 . 1705 1426 1461 1463 . 683 755 401 843 1793 60 264 2714 948 4180 Guns 4626 | . 570 133 . 157 . . . . . . . . 630 . 22 256 273 713 . 189 43 . . 257 . . . . 1383 Cannons 14366 | . . 21 1469 172 . . 1657 445 249 67 802 596 338 . 202 568 279 192 . 98 94 391 551 363 . 264 1979 948 2621 Explosions 8783 | . . 409 231 . . . 683 623 . . 863 565 . . 1481 243 909 558 . 396 618 . 292 119 . . 724 . 69 Melee 1533 | . . . . . . . . . . . . . . . . 328 . . . . . . . 1047 60 . . . 98 Ramming 205 | . 6 . 75 25 . . 13 . 2 2 14 . . . . 31 . . . . . 10 . 7 . . 11 . 9 Kinetic 17397 | . 296 101 1469 172 . . 1657 445 249 67 802 596 968 . 224 824 552 905 . 287 137 391 551 620 . 264 1803 524 3493 Thermal 2037 | . 274 53 . 157 . . . . . . . . . . . . . . . . 618 . . . . . . 424 511 Explosive 8096 | . . 409 231 . . . 683 623 . . 863 565 . . 1481 243 909 558 . 396 . . 292 119 . . 724 . . Electromagnetic 245 | . . . . . . . . . . . . . . . . . . . . . . . . . . . 176 . 69 Impact 328 | . . . . . . . . . . . . . . . . 328 . . . . . . . . . . . . . Slashing 1047 | . . . . . . . . . . . . . . . . . . . . . . . . 1047 . . . . . Piercing 158 | . . . . . . . . . . . . . . . . . . . . . . . . . 60 . . . 98 Highest Corruption 8 | . . . . . . . . 2 . . 4 . . . . . . . . . 1 1 1 . . . 2 2 8 Average Corruption 3 | . . . . . . . . 1 . . 2 . . . . . . . . . 1 1 1 . . . 1 1 4 Corruption Purged 11 | . . . . . . . . 2 . . 5 . . . . . . . . . 1 . 1 . . . . 2 . Corruption Blocked . | . . . . . . . . . . . . . . . . . . . . . . . . . . . . . . Effects 63 | . . . . . . . . . . . 9 . . . . . . . . . 4 1 1 . . . 4 3 41 Message Errors 15 | . . . . . . . . . . . 3 . . . . . . . . . 1 1 1 . . . . . 9 Matter Fused 13 | . . . . . . . . . . . 4 . . . . . . . . . . . . . . . 1 1 7 Heat Flow Errors 13 | . . . . . . . . . . . . . . . . . . . . . . . . . . . . 1 12 Energy Discharges 7 | . . . . . . . . . . . . . . . . . . . . . 2 . . . . . 1 . 4 Parts Rejected 2 | . . . . . . . . . . . . . . . . . . . . . . . . . . . 1 . 1 Data Loss (minor) 4 | . . . . . . . . . . . 1 . . . . . . . . . . . . . . . . . 3 Data Loss (major) 3 | . . . . . . . . . . . 1 . . . . . . . . . . . . . . . 1 . 1 Misfires 2 | . . . . . . . . . . . . . . . . . . . . . . . . . . . . . 2 Alerts 1 | . . . . . . . . . . . . . . . . . . . . . . . . . . . . . 1 Weapon Failures 3 | . . . . . . . . . . . . . . . . . . . . . 1 . . . . . . 1 1 Overload Shots . | . . . . . . . . . . . . . . . . . . . . . . . . . . . . . . Overflow Damage 707 | . . 10 29 . . . 7 10 . . 12 3 . . 9 108 13 47 . . 93 . 6 69 30 . 145 10 106 Projectiles 323 | . . . 29 . . . . 10 . . 12 . . . . . . 33 . . 12 . . 21 . . 128 10 68 Explosions 160 | . . 10 . . . . 7 . . . . 3 . . 9 . 13 14 . . 81 . 6 . . . 17 . . Melee 224 | . . . . . . . . . . . . . . . . 108 . . . . . . . 48 30 . . . 38 Knockbacks 94 | . . . 5 2 . . 7 2 1 . 8 5 5 . . 3 5 2 . . 1 1 6 4 . 2 21 7 7 Impact 2 | . . . . 1 . . . . . . . . . . . 1 . . . . . . . . . . . . . Kinetic 89 | . . . 5 1 . . 6 2 1 . 8 5 4 . . 2 5 2 . . 1 1 6 4 . 2 21 6 7 Secondary 3 | . . . . . . . 1 . . . . . 1 . . . . . . . . . . . . . . 1 . Self-Inflicted Damage 397 | . . 1 . . . . 51 81 . . . . . . 88 . 46 17 . . 67 . 46 . . . . . . Shots 14 | . . 1 . . . . 3 3 . . . . . . 2 . 2 1 . . 1 . 1 . . . . . . Rammed 26 | . 3 . 6 3 . . 2 . 1 1 1 . . . . 3 . . . . . 1 . 2 . . 2 . 1 Targets Rammed 31 | . 3 . 8 3 . . 4 . 1 1 1 . . . . 4 . . . . . 1 . 2 . . 2 . 1 Kicked . | . . . . . . . . . . . . . . . . . . . . . . . . . . . . . . Crushed 5 | . . . 2 . . . 2 . . . . . . . . 1 . . . . . . . . . . . . . Highest Temperature 252 | . 66 54 158 220 . . 117 99 80 18 90 81 36 . 33 93 144 67 . 75 . 99 214 252 . 189 18 200 244 Average Temperature 42 | . 19 23 41 81 . . 30 36 34 9 32 33 16 . 11 32 45 21 . 18 . 41 61 72 . 97 10 101 55 Received Heat Transfer 1813 | . 60 57 231 30 . . 270 198 18 18 72 121 . . 138 123 144 45 . 63 114 . 17 . . . 61 21 12 Effects 2 | . . . . . . . . . . . . . . . . . . . . . . . . . . . . . 2 Interference 2 | . . . . . . . . . . . . . . . . . . . . . . . . . . . . . 2 Siege Activations 5 | . . . . . . . . . . . . . . . . . . . . . . . . . . . . 2 3 Total Turns 71 | . . . . . . . . . . . . . . . . . . . . . . . . . . . . 14 57 Longest Duration 21 | . . . . . . . . . . . . . . . . . . . . . . . . . . . . 13 21 Robots Corrupted 1 | . . . . . . . . . . . . . . . . . . . . . . . . . . . 1 . . Combat Hostiles 1 | . . . . . . . . . . . . . . . . . . . . . . . . . . . 1 . . Parts Fried 5 | . . . . . . . . . . . . . . . . 4 . . . . . . . . . . 1 . . Impact Corruptions 6 | . . . . . . . . . . . . . . . . 6 . . . . . . . . . . . . . Robots Melted . | . . . . . . . . . . . . . . . . . . . . . . . . . . . . . . Combat Hostiles . | . . . . . . . . . . . . . . . . . . . . . . . . . . . . . . Parts Melted 6 | . 1 . . . . . . . . . 1 . . . . . . . . . . . . . . . . . 4 Heat Transferred 2738 | . 1073 148 . 481 . . . . . . . . . . . . . . . . 148 . . . . . . 407 481 Parts Sabotaged . | . . . . . . . . . . . . . . . . . . . . . . . . . . . . . . Parts Stolen . | . . . . . . . . . . . . . . . . . . . . . . . . . . . . . . Parts Stripped . | . . . . . . . . . . . . . . . . . . . . . . . . . . . . . . Power Chain Reactions . | . . . . . . . . . . . . . . . . . . . . . . . . . . . . . . Missiles Intercepted . | . . . . . . . . . . . . . . . . . . . . . . . . . . . . . . Alert | -11 -10 -10 -9 -9 -9 -8 -8 -8 -8 -8 -7 -7 -7 -7 -6 -6 -6 -6 -6 -5 -5 -4 -4 -4 -4 -3 -3 -2 -1 ------- Run | Jun Mat Min Mat Min Exi Min Mat Gar Mat Gar Fac Low Low Dat Pro Fac Low Low Zio Pro Fac Fac Upp Upp Zhi Pro Res Res Acc Peak Influence 1163 | . 364 400 848 330 . . 506 1163 699 832 915 . . . . 386 . . . . 248 394 . . . . 871 458 979 Initial 566 | . . 109 78 330 . . . 328 566 454 436 . . . . 170 . . . . . 110 . . . . 16 405 274 Average 315 | . 141 304 224 147 . . 226 755 652 744 658 . . . . 273 . . . . 115 167 . . . . 241 347 427 Maximum Alert Level 4 | . 1 2 3 1 . . 2 4 2 3 3 . . . . 1 . . . . 1 1 . . . . 3 2 3 Low Security (%) 38 | 100 63 2 52 72 . 100 52 . . . . . . . . 21 . . . . 64 72 . . . . 64 8 3 Level 1 32 | . 36 90 34 27 . . 17 23 . . . . . . . 78 . . . . 35 27 . . . . 7 44 63 Level 2 17 | . . 6 4 . . . 30 10 100 41 54 . . . . . . . . . . . . . . . 14 46 12 Level 3 11 | . . . 8 . . . . 64 . 58 45 . . . . . . . . . . . . . . . 13 . 20 Level 4 . | . . . . . . . . . . . . . . . . . . . . . . . . . . . . . . Level 5 . | . . . . . . . . . . . . . . . . . . . . . . . . . . . . . . High Security . | . . . . . . . . . . . . . . . . . . . . . . . . . . . . . . Max Security . | . . . . . . . . . . . . . . . . . . . . . . . . . . . . . . Squads Dispatched 42 | . 3 1 4 . . . 5 . 2 . 4 . . . 1 6 . . . . 1 3 . . . . 3 3 6 Investigation 10 | . 2 1 2 . . . 1 . 1 . 1 . . . . 1 . . . . . . . . . . . 1 . Extermination 10 | . . . . . . . . . . . 1 . . . . 2 . . . . 1 1 . . . . 1 1 3 Reinforcement 18 | . 1 . . . . . 4 . 1 . 2 . . . . 3 . . . . . 2 . . . . 1 1 3 Assault 4 | . . . 2 . . . . . . . . . . . 1 . . . . . . . . . . . 1 . . Garrison . | . . . . . . . . . . . . . . . . . . . . . . . . . . . . . . Intercept . | . . . . . . . . . . . . . . . . . . . . . . . . . . . . . . Searches Triggered . | . . . . . . . . . . . . . . . . . . . . . . . . . . . . . . Data Miner Redirects 2 | . . . . . . . . . . . . . . . . 1 . . . . . . . . . . 1 . . Construction Impeded 5 | . . . . . . . . . . . 1 . . . . 2 . . . . . 1 . . . . 1 . . Haulers Reinforced 1 | . . . . . . . . . . . . . . . . . . . . . . 1 . . . . . . . Active Scanning Responses . | . . . . . . . . . . . . . . . . . . . . . . . . . . . . . . Cargo Convoy Interrupts . | . . . . . . . . . . . . . . . . . . . . . . . . . . . . . . Stealth | -11 -10 -10 -9 -9 -9 -8 -8 -8 -8 -8 -7 -7 -7 -7 -6 -6 -6 -6 -6 -5 -5 -4 -4 -4 -4 -3 -3 -2 -1 --------- Run | Jun Mat Min Mat Min Exi Min Mat Gar Mat Gar Fac Low Low Dat Pro Fac Low Low Zio Pro Fac Fac Upp Upp Zhi Pro Res Res Acc Distress Signals 13 | . 2 2 2 . . . 4 . . . . . . . . 1 . . . . . . . . . . 1 . 1 Communications Jammed 42 | . . . . . . . . . . . . . . . . . . . . . . . 1 . . . 30 2 9 Distress Signals 42 | . . . . . . . . . . . . . . . . . . . . . . . 1 . . . 30 2 9 Times Spotted 410 | . 22 10 43 3 . . 45 20 5 10 18 17 8 . 19 22 18 11 . 10 12 6 10 6 . 5 28 14 48 Peak Tracking Total 10 | . 5 3 5 3 . . 4 4 2 7 5 5 4 . 10 4 4 4 . 4 5 2 4 2 . 3 4 3 10 Tactical Retreats 12 | . 1 1 . . . . 2 . . 2 . . 2 . . 1 1 . . . . . . . . . . . 2 Traps | -11 -10 -10 -9 -9 -9 -8 -8 -8 -8 -8 -7 -7 -7 -7 -6 -6 -6 -6 -6 -5 -5 -4 -4 -4 -4 -3 -3 -2 -1 ------- Run | Jun Mat Min Mat Min Exi Min Mat Gar Mat Gar Fac Low Low Dat Pro Fac Low Low Zio Pro Fac Fac Upp Upp Zhi Pro Res Res Acc Traps Triggered 13 | . . . 1 . . . 1 4 . 3 2 . . . . . . . . . 1 1 . . . . . . . Indirectly . | . . . . . . . . . . . . . . . . . . . . . . . . . . . . . . Trap Hack Attempts 98 | . . . . . . . 98 . . . . . . . . . . . . . . . . . . . . . . Triggered . | . . . . . . . . . . . . . . . . . . . . . . . . . . . . . . Disarmed 1 | . . . . . . . 1 . . . . . . . . . . . . . . . . . . . . . . Reprogrammed 9 | . . . . . . . 9 . . . . . . . . . . . . . . . . . . . . . . Reused 2 | . . . . . . . . . . . . . 2 . . . . . . . . . . . . . . . . Traps Extracted . | . . . . . . . . . . . . . . . . . . . . . . . . . . . . . . Installed 21 | . . . . . . . . . . . . . 21 . . . . . . . . . . . . . . . . Triggered 8 | . 1 . . . . . . . . . . 1 1 . 1 . . 4 . . . . . . . . . . . Most Traps Carried 3 | . . . . . . . . . . . . 1 3 . . . . 1 1 1 1 1 2 2 1 1 . . . Machines | -11 -10 -10 -9 -9 -9 -8 -8 -8 -8 -8 -7 -7 -7 -7 -6 -6 -6 -6 -6 -5 -5 -4 -4 -4 -4 -3 -3 -2 -1 ---------- Run | Jun Mat Min Mat Min Exi Min Mat Gar Mat Gar Fac Low Low Dat Pro Fac Low Low Zio Pro Fac Fac Upp Upp Zhi Pro Res Res Acc Machines Disabled 45 | . 1 1 4 . . . 3 3 . 1 6 . 4 . 1 3 . . . 1 5 . . 2 . . 4 . 6 Max in Single Turn 4 | . . . 1 . . . . 1 . 1 1 . 1 . . 1 . . . 1 4 . . . . . . . 1 Garrison Access 4 | . . . . . . . . . . . . . . . . . . . . . 1 . . . . . 1 1 1 Garrison Relay 2 | . . . . . . . . 2 . . . . . . . . . . . . . . . . . . . . . Machines Repaired . | . . . . . . . . . . . . . . . . . . . . . . . . . . . . . . Machines Sabotaged . | . . . . . . . . . . . . . . . . . . . . . . . . . . . . . . Overloaded Fab Kills . | . . . . . . . . . . . . . . . . . . . . . . . . . . . . . . Hacking | -11 -10 -10 -9 -9 -9 -8 -8 -8 -8 -8 -7 -7 -7 -7 -6 -6 -6 -6 -6 -5 -5 -4 -4 -4 -4 -3 -3 -2 -1 --------- Run | Jun Mat Min Mat Min Exi Min Mat Gar Mat Gar Fac Low Low Dat Pro Fac Low Low Zio Pro Fac Fac Upp Upp Zhi Pro Res Res Acc Machines Accessed 84 | . 7 1 8 . 1 . 14 2 1 . 5 1 2 3 . 5 . . . . 8 3 . 2 4 . 2 6 9 Terminals 44 | . 5 . 4 . . . 8 2 . . 3 . . . . 3 . . . . 3 3 . . . . . 5 8 Fabricators 2 | . . . . . . . . . . . 1 . . . . . . . . . 1 . . . . . . . . Repair Stations 5 | . . . 2 . . . 2 . . . . . . . . 1 . . . . . . . . . . . . . Recycling Units 9 | . 2 . 1 . . . 2 . . . . . . . . . . . . . 3 . . . . . 1 . . Scanalyzers 4 | . . . 1 . . . 1 . . . 1 . . . . 1 . . . . . . . . . . . . . Garrison Access 6 | . . . . . . . 1 . 1 . . . . . . . . . . . 1 . . . . . 1 1 1 Total Hacks 239 | . 22 1 20 . 1 . 47 6 2 . 15 1 5 26 . 9 . . . . 18 7 . 6 17 . 4 11 21 Successful 139 | . 10 1 12 . 1 . 21 3 2 . 7 1 5 26 . 3 . . . . 8 2 . 6 17 . 3 5 6 Failed 100 | . 12 . 8 . . . 26 3 . . 8 . . . . 6 . . . . 10 5 . . . . 1 6 15 Catastrophic 23 | . 2 . 1 . . . 5 1 . . 2 . . . . 3 . . . . 2 2 . . . . . 2 3 Database Lockouts . | . . . . . . . . . . . . . . . . . . . . . . . . . . . . . . Manual 86 | . 15 . 7 . . . 19 4 1 . 4 . . . . 6 . . . . 10 1 . . . . 2 3 14 Terminals 119 | . 20 . 8 . . . 29 6 . . 6 . . . . 6 . . . . 9 7 . . . . . 9 19 Fabricators 6 | . . . . . . . . . . . 4 . . . . . . . . . 2 . . . . . . . . Repair Stations 16 | . . . 6 . . . 9 . . . . . . . . 1 . . . . . . . . . . . . . Recycling Units 15 | . 2 . 2 . . . 4 . . . . . . . . . . . . . 5 . . . . . 2 . . Scanalyzers 13 | . . . 4 . . . 2 . . . 5 . . . . 2 . . . . . . . . . . . . . Garrison Access 13 | . . . . . . . 3 . 2 . . . . . . . . . . . 2 . . . . . 2 2 2 Terminal Hacks 86 | . 8 1 1 . 1 . 8 2 . . 1 1 5 26 . 1 . . . . 2 1 . 6 17 . . 2 3 Record 21 | . . . . . 1 . . . . . . . 4 6 . . . . . . . . . 5 5 . . . . Part Schematic 16 | . 2 . . . . . . . . . . . . 10 . . . . . . . . . . 4 . . . . Robot Schematic 7 | . . . . . . . . . . . . . . 7 . . . . . . . . . . . . . . . Robot Analysis 9 | . 3 . 1 . . . 1 . . . . . . . . . . . . . . . . . 4 . . . . Prototype ID Bank 9 | . 1 . . . . . 1 . . . . . . 3 . . . . . . . . . . 4 . . . . Open Door 5 | . . 1 . . . . . . . . . 1 1 . . . . . . . . . . 1 . . . . 1 Level Access Points 1 | . . . . . . . . . . . . . . . . . . . . . . . . . . . . . 1 Branch Access Points 5 | . . . . . . . 1 . . . 1 . . . . . . . . . 1 1 . . . . . 1 . Emergency Access Points 2 | . 1 . . . . . . 1 . . . . . . . . . . . . . . . . . . . . . Machine Index 1 | . . . . . . . . . . . . . . . . . . . . . . . . . . . . . 1 Unreport Threat 3 | . . . . . . . 2 . . . . . . . . 1 . . . . . . . . . . . . . Locate Traps 3 | . 1 . . . . . 1 . . . . . . . . . . . . . 1 . . . . . . . . Zone Layout 3 | . . . . . . . 2 . . . . . . . . . . . . . . . . . . . . 1 . Garrison Registry 1 | . . . . . . . . 1 . . . . . . . . . . . . . . . . . . . . . Fabricator Hacks 1 | . . . . . . . . . . . . . . . . . . . . . 1 . . . . . . . . Network Status 1 | . . . . . . . . . . . . . . . . . . . . . 1 . . . . . . . . Repair Station Hacks 12 | . . . 6 . . . 6 . . . . . . . . . . . . . . . . . . . . . . Scan Component 6 | . . . 3 . . . 3 . . . . . . . . . . . . . . . . . . . . . . Repair 6 | . . . 3 . . . 3 . . . . . . . . . . . . . . . . . . . . . . Recycling Unit Hacks 1 | . 1 . . . . . . . . . . . . . . . . . . . . . . . . . . . . Retrieve Components 1 | . 1 . . . . . . . . . . . . . . . . . . . . . . . . . . . . Scanalyzer 10 | . . . 3 . . . 2 . . . 4 . . . . 1 . . . . . . . . . . . . . Insert Component 6 | . . . 2 . . . 1 . . . 2 . . . . 1 . . . . . . . . . . . . . Analyze 4 | . . . 1 . . . 1 . . . 2 . . . . . . . . . . . . . . . . . . Garrison Access Hacks 10 | . . . . . . . 1 . 1 . . . . . . . . . . . 2 . . . . . 2 2 2 Unlock Access 2 | . . . . . . . 1 . 1 . . . . . . . . . . . . . . . . . . . . Seal Access 4 | . . . . . . . . . . . . . . . . . . . . . 1 . . . . . 1 1 1 Coupler Status 4 | . . . . . . . . . . . . . . . . . . . . . 1 . . . . . 1 1 1 Unauthorized Hacks 19 | . 1 . 2 . . . 4 1 1 . 2 . . . . 1 . . . . 3 1 . . . . 1 1 1 Terminals 10 | . . . 1 . . . 2 1 . . 1 . . . . 1 . . . . 1 1 . . . . . 1 1 Track 1 | . . . . . . . . . . . . . . . . 1 . . . . . . . . . . . . . Botnet 9 | . . . 1 . . . 2 1 . . 1 . . . . . . . . . 1 1 . . . . . 1 1 Fabricators 2 | . . . . . . . . . . . 1 . . . . . . . . . 1 . . . . . . . . Liberate 2 | . . . . . . . . . . . 1 . . . . . . . . . 1 . . . . . . . . Repair Stations . | . . . . . . . . . . . . . . . . . . . . . . . . . . . . . . Recycling Units 6 | . 1 . 1 . . . 2 . . . . . . . . . . . . . 1 . . . . . 1 . . Reject 5 | . . . 1 . . . 2 . . . . . . . . . . . . . 1 . . . . . 1 . . Tunnel 1 | . 1 . . . . . . . . . . . . . . . . . . . . . . . . . . . . Scanalyzers . | . . . . . . . . . . . . . . . . . . . . . . . . . . . . . . Garrison Access 1 | . . . . . . . . . 1 . . . . . . . . . . . . . . . . . . . . Reprogram 1 | . . . . . . . . . 1 . . . . . . . . . . . . . . . . . . . . Data Cores Recovered 2 | . 1 . . . . . . . . . . . . . . . . . . . . . . . . . . . 1 Used 1 | . . . . . . . . . . . . . . . . . . . . . . . . . . . . . 1 Hacking Detections 61 | . 5 . 6 . . . 13 2 . . 5 . . . . 4 . . . . 6 3 . . . . 2 6 9 Full Trace Events 5 | . . . 1 . . . 1 . . . 1 . . . . 1 . . . . . . . . . . . 1 . Feedback Events 1 | . . . . . . . . . . . 1 . . . . . . . . . . . . . . . . . . Corruption 1 | . . . . . . . . . . . 1 . . . . . . . . . . . . . . . . . . Feedback Blocked . | . . . . . . . . . . . . . . . . . . . . . . . . . . . . . . Robot Schematics Acquired 7 | . . . . . . . . . . . . . . 7 . . . . . . . . . . . . . . . Robots Built . | . . . . . . . . . . . . . . . . . . . . . . . . . . . . . . Authchips . | . . . . . . . . . . . . . . . . . . . . . . . . . . . . . . Time . | . . . . . . . . . . . . . . . . . . . . . . . . . . . . . . Total Robot Build Rating . | . . . . . . . . . . . . . . . . . . . . . . . . . . . . . . Part Schematics Acquired 20 | . 2 . 1 . . . 1 . . . 2 . . 10 . . . . . . . . . . 4 . . . . Parts Built . | . . . . . . . . . . . . . . . . . . . . . . . . . . . . . . Authchips . | . . . . . . . . . . . . . . . . . . . . . . . . . . . . . . Time . | . . . . . . . . . . . . . . . . . . . . . . . . . . . . . . Total Part Build Rating . | . . . . . . . . . . . . . . . . . . . . . . . . . . . . . . Parts Repaired 6 | . . . 3 . . . 3 . . . . . . . . . . . . . . . . . . . . . . Time 173 | . . . 84 . . . 89 . . . . . . . . . . . . . . . . . . . . . . Parts Recycled . | . . . . . . . . . . . . . . . . . . . . . . . . . . . . . . Recycled Matter . | . . . . . . . . . . . . . . . . . . . . . . . . . . . . . . Retrieved Matter . | . . . . . . . . . . . . . . . . . . . . . . . . . . . . . . Retrieved Components 10 | . 10 . . . . . . . . . . . . . . . . . . . . . . . . . . . . Parts Scanalyzed 4 | . . . 1 . . . 1 . . . 2 . . . . . . . . . . . . . . . . . . Part Schematics Acquired 4 | . . . 1 . . . 1 . . . 2 . . . . . . . . . . . . . . . . . . Parts Damaged . | . . . . . . . . . . . . . . . . . . . . . . . . . . . . . . Bothacking | -11 -10 -10 -9 -9 -9 -8 -8 -8 -8 -8 -7 -7 -7 -7 -6 -6 -6 -6 -6 -5 -5 -4 -4 -4 -4 -3 -3 -2 -1 ------------ Run | Jun Mat Min Mat Min Exi Min Mat Gar Mat Gar Fac Low Low Dat Pro Fac Low Low Zio Pro Fac Fac Upp Upp Zhi Pro Res Res Acc Used RIF Installer 2 | . . . . . . . . 1 . 1 . . . . . . . . . . . . . . . . . . . Command Fork 1 | . . . . . . . . . . 1 . . . . . . . . . . . . . . . . . . . Robots Hacked 24 | . . . . . 4 . . . . . 1 1 . 1 1 1 . . . . 2 . . 1 3 . 1 1 7 Non-combat 11 | . . . . . 3 . . . . . 1 1 . . . 1 . . . . . . . . . . 1 1 3 Combat 13 | . . . . . 1 . . . . . . . . 1 1 . . . . . 2 . . 1 3 . . . 4 Robot Hacks Applied 29 | . . . . . 4 . . . . . 1 1 . 1 1 1 . . . . 2 . . 1 3 . 1 3 10 parse_system 9 | . . . . . 4 . . . . . . . . 1 1 . . . . . . . . . 3 . . . . purge_threat 3 | . . . . . . . . . . . . . . . . . . . . . . . . . . . . 1 2 block_reporting 3 | . . . . . . . . . . . . . . . . . . . . . . . . . . . . 1 2 map_route 1 | . . . . . . . . . . . . . . . . . . . . . . . . . . . 1 . . amplify_resonance 1 | . . . . . . . . . . . . . . . . . . . . . . . . . . . . . 1 overwrite_iff 6 | . . . . . . . . . . . . . . . . . . . . . 2 . . 1 . . . . 3 streamctrl_low 1 | . . . . . . . . . . . . . . . . . . . . . . . . . . . . . 1 formatsys_low 4 | . . . . . . . . . . . 1 1 . . . 1 . . . . . . . . . . . 1 . formatsys_high 1 | . . . . . . . . . . . . . . . . . . . . . . . . . . . . . 1 Relay Couplers Released 20 | . . . . . . . . 13 . . . . . . . . . . . . 3 . . . . . 1 3 . Machine Destruction 16 | . . . . . . . . 9 . . . . . . . . . . . . 3 . . . . . 1 3 . Programmers 4 | . . . . . . . . 4 . . . . . . . . . . . . . . . . . . . . . Attached 8 | . . . . . . . . . . . 1 . . . . . . . . . 1 . . . . . 1 1 4 Fabnet Peak Effective % . | . . . . . . . . . . . . . . . . . . . . . . . . . . . . . . Robots Rewired 9 | . . . . . . . . . . . . . 4 . 2 . . . . . . . . 2 . . . . 1 Allies Hacked . | . . . . . . . . . . . . . . . . . . . . . . . . . . . . . . Hacks Repelled . | . . . . . . . . . . . . . . . . . . . . . . . . . . . . . . Allies | -11 -10 -10 -9 -9 -9 -8 -8 -8 -8 -8 -7 -7 -7 -7 -6 -6 -6 -6 -6 -5 -5 -4 -4 -4 -4 -3 -3 -2 -1 -------- Run | Jun Mat Min Mat Min Exi Min Mat Gar Mat Gar Fac Low Low Dat Pro Fac Low Low Zio Pro Fac Fac Upp Upp Zhi Pro Res Res Acc Total Allies 32 | . 1 . . 2 . . . . 2 . 2 1 7 . 3 1 . . . . 3 . . 3 . . . 1 6 Largest Group 9 | . 1 1 1 3 1 1 1 1 3 3 3 2 9 6 7 4 1 1 1 1 3 1 1 3 3 3 1 2 2 Highest-Rated Group 344 | . 62 61 73 115 73 73 93 94 143 143 130 119 308 248 344 193 116 116 112 112 200 166 170 269 271 271 193 253 279 Highest-Rated Ally 251 | . 62 61 73 73 73 73 93 94 95 95 101 103 109 109 109 117 116 116 112 112 128 166 170 172 174 174 193 223 251 Total Orders 41 | . . . . . . . . . . . 4 3 19 . 5 10 . . . . . . . . . . . . . STAY 20 | . . . . . . . . . . . . 2 13 . 3 2 . . . . . . . . . . . . . FOLLOW 12 | . . . . . . . . . . . 1 1 4 . 2 4 . . . . . . . . . . . . . AID 7 | . . . . . . . . . . . 3 . . . . 4 . . . . . . . . . . . . . DROP 2 | . . . . . . . . . . . . . 2 . . . . . . . . . . . . . . . . Ally Attacks 684 | . 35 15 36 8 . . 69 28 8 18 37 21 15 . 66 52 22 11 . 15 26 17 16 19 . 11 41 22 76 Total Damage 26734 | . 983 670 907 219 . . 2270 680 385 492 1208 616 397 . 1769 1537 630 399 . 448 1031 972 863 1120 143 604 1612 2037 4742 Kills 245 | . 14 5 16 2 . . 22 9 6 13 12 7 4 . 10 19 5 4 . 8 9 8 5 6 . 3 15 13 30 Allies Corrupted . | . . . . . . . . . . . . . . . . . . . . . . . . . . . . . . Allies Melted . | . . . . . . . . . . . . . . . . . . . . . . . . . . . . . . Intel | -11 -10 -10 -9 -9 -9 -8 -8 -8 -8 -8 -7 -7 -7 -7 -6 -6 -6 -6 -6 -5 -5 -4 -4 -4 -4 -3 -3 -2 -1 ------- Run | Jun Mat Min Mat Min Exi Min Mat Gar Mat Gar Fac Low Low Dat Pro Fac Low Low Zio Pro Fac Fac Upp Upp Zhi Pro Res Res Acc Robot Analysis Total 9 | . 3 . 1 . . . 1 . . . . . . . . . . . . . . . . . 4 . . . . Derelict Logs Recovered 14 | . . . . 1 . . . . . . . 1 1 . 2 . 1 2 . 3 . . 1 2 . . . . . Drone Launches . | . . . . . . . . . . . . . . . . . . . . . . . . . . . . . . Drone Recoveries . | . . . . . . . . . . . . . . . . . . . . . . . . . . . . . . Exploration | -11 -10 -10 -9 -9 -9 -8 -8 -8 -8 -8 -7 -7 -7 -7 -6 -6 -6 -6 -6 -5 -5 -4 -4 -4 -4 -3 -3 -2 -1 ------------- Run | Jun Mat Min Mat Min Exi Min Mat Gar Mat Gar Fac Low Low Dat Pro Fac Low Low Zio Pro Fac Fac Upp Upp Zhi Pro Res Res Acc Turns Passed 38198 | 9 1067 430 1761 1455 458 291 3766 1207 307 553 815 2973 3088 150 2697 1326 1766 2324 406 1339 610 711 1696 2600 306 603 811 1091 1582 Spaces Moved 18293 | 3 399 148 705 586 229 122 1273 447 109 205 368 1414 1590 92 1578 610 1005 1318 225 735 277 369 990 1366 164 328 349 546 743 Core . | . . . . . . . . . . . . . . . . . . . . . . . . . . . . . . Treads 18293 | 3 399 148 705 586 229 122 1273 447 109 205 368 1414 1590 92 1578 610 1005 1318 225 735 277 369 990 1366 164 328 349 546 743 Legs . | . . . . . . . . . . . . . . . . . . . . . . . . . . . . . . Wheels . | . . . . . . . . . . . . . . . . . . . . . . . . . . . . . . Hover . | . . . . . . . . . . . . . . . . . . . . . . . . . . . . . . Flight . | . . . . . . . . . . . . . . . . . . . . . . . . . . . . . . Fastest Speed 148 | 160 160 240 160 160 160 240 160 240 240 240 158 158 158 158 155 155 156 156 165 165 162 162 162 162 162 162 162 148 148 Average Speed 175 | 160 222 240 194 236 194 240 239 240 240 240 159 158 158 158 156 155 157 162 165 168 163 162 162 162 162 162 162 157 156 Slowest Speed 245 | 160 240 240 240 240 240 240 240 240 240 240 162 158 158 158 158 158 158 245 245 245 164 162 162 162 162 162 162 162 170 Overloaded Moves . | . . . . . . . . . . . . . . . . . . . . . . . . . . . . . . Propulsion Burnouts . | . . . . . . . . . . . . . . . . . . . . . . . . . . . . . . Robots Hopped . | . . . . . . . . . . . . . . . . . . . . . . . . . . . . . . Cave-ins Triggered . | . . . . . . . . . . . . . . . . . . . . . . . . . . . . . . Exploration Rate (%) 54 | 2 69 38 66 98 64 33 95 60 15 31 12 99 96 79 99 21 90 95 13 93 12 8 95 96 61 46 13 16 21 Regions Visited 29 Branch Regions 16 Pre-discovered Areas 9 | . 1 . . . 1 . . . . . . . 1 1 . . . . . 1 . . 1 . 3 . . . . Known Exits Taken 16 | . . . . . . . 1 . 1 . 1 . . . . 1 1 1 1 1 1 1 1 1 1 1 1 1 . Unknown Exits Taken 11 | 1 1 1 1 1 1 1 . . . . . 1 1 1 1 . . . . . . . . . . . . . . Scrap Searched 9 | . . 1 . . . . . . . . . . 1 . . . 2 1 . 2 . . 2 . . . . . . Spaces Dug 275 | . . 5 20 . . . 2 . 1 8 . 9 . . 11 15 76 4 . 21 4 1 2 54 . 6 2 4 30 Terrain Destroyed 846 | . . 56 35 2 . . 60 54 2 8 42 34 . . 97 23 103 33 . 35 44 3 36 64 . 7 41 13 54 Melee 30 | . . . . . . . 2 . 1 5 . . . . 4 13 . . . 3 2 . . . . . . . . Projectile 183 | . . . 6 2 . . 5 1 1 3 . . . . 7 2 6 8 . 11 3 3 10 34 . 7 8 13 53 AOE 632 | . . 56 29 . . . 53 53 . . 42 34 . . 86 8 97 25 . 21 39 . 26 30 . . 33 . . Terrain Rammed . | . . . . . . . . . . . . . . . . . . . . . . . . . . . . . . Walls Destroyed . | . . . . . . . . . . . . . . . . . . . . . . . . . . . . . . Machines Disabled . | . . . . . . . . . . . . . . . . . . . . . . . . . . . . . . Actions | -11 -10 -10 -9 -9 -9 -8 -8 -8 -8 -8 -7 -7 -7 -7 -6 -6 -6 -6 -6 -5 -5 -4 -4 -4 -4 -3 -3 -2 -1 --------- Run | Jun Mat Min Mat Min Exi Min Mat Gar Mat Gar Fac Low Low Dat Pro Fac Low Low Zio Pro Fac Fac Upp Upp Zhi Pro Res Res Acc Total 23001 | 6 523 196 993 630 241 121 1869 540 133 241 531 2101 2100 95 1742 887 1140 1432 259 797 397 468 1050 1666 200 383 510 747 1003 Wait 3000 | 1 60 23 191 18 . . 389 37 9 15 93 636 377 1 80 173 89 34 32 19 80 73 22 187 19 34 85 124 99 Move 18264 | 2 398 147 704 585 228 121 1273 446 108 204 367 1413 1589 91 1577 609 1004 1317 224 734 276 368 989 1365 163 327 348 545 742 Hop . | . . . . . . . . . . . . . . . . . . . . . . . . . . . . . . Pick Up 134 | . 18 1 11 3 3 . 11 5 2 . 7 2 7 . 4 11 3 5 1 2 1 5 5 3 1 3 4 10 6 Fast Attach 62 | . 4 1 3 . . . 4 . . . 1 2 . . . 3 2 4 . 2 4 4 1 9 5 . 2 5 6 Attach 33 | . . . 4 . . . 2 2 . . 3 . . . 2 2 2 . . 1 1 1 3 1 . . 2 5 2 Detach 18 | . 3 . 1 . . . . . . . . 1 . . . 1 1 . . 1 . 1 1 2 . . . 2 4 Swap 264 | 3 . 6 10 2 3 . 15 14 2 7 14 15 7 2 16 15 13 11 1 9 12 2 8 13 2 6 15 12 29 Drop 149 | . 8 2 11 1 3 . 14 4 1 1 8 5 8 . 1 11 3 9 1 4 2 5 3 8 5 3 4 16 8 Fire 777 | . 29 16 50 18 . . 57 24 9 6 35 25 56 . 40 31 23 52 . 22 13 8 18 56 . 10 48 27 104 Melee 87 | . . . . . 4 . 2 . 1 7 1 1 . 1 6 26 . . . 3 8 . . 20 5 . . . 2 Ram . | . . . . . . . . . . . . . . . . . . . . . . . . . . . . . . Kick . | . . . . . . . . . . . . . . . . . . . . . . . . . . . . . . Crush 31 | . 3 . 8 3 . . 4 . 1 1 1 . . . . 4 . . . . . 1 . 2 . . 2 . 1 Escape Stasis 8 | . . . . . . . . 8 . . . . . . . . . . . . . . . . . . . . . Rewire 55 | . . . . . . . . . . . 1 1 35 . 16 1 . . . . . . . . . . . 1 . Trap 119 | . . . . . . . 98 . . . . . 21 . . . . . . . . . . . . . . . . Miscellaneous . | . . . . . . . . . . . . . . . . . . . . . . . . . . . . . . Route ------- -11/Junkyard -10/Materials (discovered 3 exits: *Mat x2 / *Min) -10/Mines -9/Materials (discovered 3 exits: *Mat / [*Min x2]) -9/Mines (discovered 3 exits: *Mat x2 / *Exi) -9/Exiles -8/Mines -8/Materials (discovered 4 exits: *Fac x3 / Gar) -8/Garrison (discovered 3 exits: *Mat x3) -8/Materials (discovered 2 exits: *Fac / Gar) -8/Garrison -7/Factory (discovered 3 exits: Sto / *Low x2) -7/Lower Caves -7/Lower Caves (discovered 2 exits: *Fac / *Dat) -7/Data Miner -6/Proximity Caves -6/Factory (discovered 4 exits: *Fac x2 / *Low x2) -6/Lower Caves -6/Lower Caves (discovered 2 exits: *Fac / *Zio) -6/Zion -5/Proximity Caves -5/Factory (discovered 4 exits: *Fac x2 / Upp x2) -4/Factory (discovered 4 exits: *Upp x2 / Ext x2) -4/Upper Caves -4/Upper Caves (discovered 2 exits: *Res / *Zhi) -4/Zhirov -3/Proximity Caves -3/Research (discovered 3 exits: *Res x2 / Arm) -2/Research (discovered 3 exits: *Acc / Tes x2) -1/Access To Epsilon Eridani History --------- Turn | Location | Event 7 | -11/Junkyard | Discovered new exit (range 3) 10 | -11/Junkyard | Entered Materials 310 | -10/Materials | Build established: Mutant 436 | -10/Materials | Discovered new exit (range 7) 806 | -10/Materials | Discovered new exit (range 12) 1004 | -10/Materials | Discovered new exit (range 16) 1077 | -10/Materials | Entered Mines 1078 | -10/Mines | Assembled infested the area 1089 | -10/Mines | Core integrity fell below 50% 1339 | -10/Mines | Received a Rocket Launcher from a helpful Derelict 1400 | -10/Mines | Discovered new exit (range 9) 1439 | -10/Mines | Met a Derelict shopkeep closing up shop 1507 | -10/Mines | Entered Materials 1507 | -9/Materials | Evolved 2 slots: Propulsion x1, Utility x1 1811 | -9/Materials | Repaired Lgt. Treads 1838 | -9/Materials | Repaired Lgt. Treads 1927 | -9/Materials | Discovered new exit (range 7) 2175 | -9/Materials | Repaired Imp. Light Cannon 2570 | -9/Materials | Discovered new exit (range 12) 2924 | -9/Materials | Discovered new exit (range 11) 3107 | -9/Materials | First assault squad dispatched 3268 | -9/Materials | Entered Mines 3578 | -9/Mines | Deemed a non-threat by the Exiles lab entrance 3578 | -9/Mines | Discovered new exit (range 5) 4083 | -9/Mines | Learned Materials emergency access door positions 4136 | -9/Mines | Discovered new exit (range 7) 4290 | -9/Mines | Discovered new exit (range 13) 4723 | -9/Mines | Entered Exiles 4788 | -9/Exiles | Met 8R-AWN 4825 | -9/Exiles | Met EX-HEX 4885 | -9/Exiles | Met EX-DEC 4951 | -9/Exiles | Met EX-BIN 5024 | -9/Exiles | Learned location of Zion (-6) 5150 | -9/Exiles | Discovered new exit (range 14) 5181 | -9/Exiles | Entered Mines 5424 | -8/Mines | Discovered new exit (range 5) 5472 | -8/Mines | Entered Materials 5472 | -8/Materials | Evolved 2 slots: Utility x2 6388 | -8/Materials | Build established: Scavenger-Mutant 6668 | -8/Materials | Discovered new exit (range 12) 7159 | -8/Materials | Repaired Hrd. Medium Armor Plating 7928 | -8/Materials | Discovered new exit (range 13) 8093 | -8/Materials | Repaired Imp. Light Cannon 8132 | -8/Materials | Repaired Carbon-fiber Leg 8806 | -8/Materials | Discovered new exit (range 7) 9128 | -8/Materials | Build established: Mutant 9238 | -8/Materials | Identified exit to Garrison 9238 | -8/Materials | Entered Garrison 9260 | -8/Garrison | Triggered checkpoint 9520 | -8/Garrison | Triggered checkpoint 9525 | -8/Garrison | Triggered checkpoint 9540 | -8/Garrison | Triggered checkpoint 9684 | -8/Garrison | Discovered new exit (range 12) 9706 | -8/Garrison | Triggered checkpoint 9781 | -8/Garrison | Installed Relay Interface Framework 9802 | -8/Garrison | Garrison Relay disabled 9890 | -8/Garrison | Build established: Scavenger-Mutant 10140 | -8/Garrison | Discovered new exit (range 46) 10140 | -8/Garrison | Discovered new exit (range 30) 10140 | -8/Garrison | Discovered new exit (range 19) 10228 | -8/Garrison | Triggered checkpoint 10308 | -8/Garrison | Triggered checkpoint 10340 | -8/Garrison | Garrison Relay disabled 10445 | -8/Garrison | Entered Materials 10641 | -8/Materials | Build established: Bothacker-Mutant 10671 | -8/Materials | Discovered new exit (range 19) 10706 | -8/Materials | Identified exit to Garrison 10752 | -8/Materials | Entered Garrison 10752 | -8/Garrison | Accompanied by 2 allies 10975 | -8/Garrison | Expanded RIF knowledge: Command Fork 11084 | -8/Garrison | Triggered checkpoint 11109 | -8/Garrison | Discovered new exit (range 16) 11262 | -8/Garrison | Spotted B-75 Beast 11262 | -8/Garrison | Spotted B-75 Beast 11305 | -8/Garrison | Entered Factory 11305 | -7/Factory | Evolved 2 slots: Propulsion x1, Utility x1 11442 | -7/Factory | Discovered new exit (range 6) 11877 | -7/Factory | Identified exit to Storage 11877 | -7/Factory | Identified exit to Lower Caves 12120 | -7/Factory | Entered Lower Caves 12121 | -7/Lower Caves | Encountered a Warlord checkpoint 13622 | -7/Lower Caves | Attracted the attention of an 0b10 checkpoint 13967 | -7/Lower Caves | Discovered new exit (range 4) 15093 | -7/Lower Caves | Entered another Lower Caves area 15093 | -7/Lower Caves | Accompanied by 1 ally 15215 | -7/Lower Caves | Discovered new exit (range 3) 15736 | -7/Lower Caves | Encountered a Warlord checkpoint 15941 | -7/Lower Caves | Discovered new exit (range 5) 17584 | -7/Lower Caves | Attacked by a delusional Derelict stockpiling Unaware 17808 | -7/Lower Caves | A Commander dispatched an escort 17835 | -7/Lower Caves | Learned location of Extension (-4) 17835 | -7/Lower Caves | Learned Factory terminal intel 17835 | -7/Lower Caves | Learned Factory garrison access intel 17976 | -7/Lower Caves | Destroyed ET-81R(g) 18181 | -7/Lower Caves | Entered Data Miner 18181 | -7/Data Miner | Accompanied by 8 allies 18181 | -7/Data Miner | Discovered new exit (range 6) 18182 | -7/Data Miner | Commander's escort returned to base 18182 | -7/Data Miner | Commander's escort returned to base 18182 | -7/Data Miner | Commander's escort returned to base 18202 | -7/Data Miner | Met Data Miner 18265 | -7/Data Miner | Learned location of Section 7 (-3) 18265 | -7/Data Miner | Acquired the access code to Warlord's prototype stash 18287 | -7/Data Miner | Received God Mode back door access code from Data Miner 18331 | -7/Data Miner | Entered Proximity Caves 18331 | -6/Proximity Caves | Accompanied by 5 allies 18618 | -6/Proximity Caves | Spotted B-75 Beast 18627 | -6/Proximity Caves | Escorted by Enhanced Grunt 18702 | -6/Proximity Caves | Allies destroyed B-75 Beast 18935 | -6/Proximity Caves | Learned 4 Factory zone layouts 19196 | -6/Proximity Caves | Learned 12 Factory zone layouts 19765 | -6/Proximity Caves | Attracted the attention of an 0b10 outpost 19814 | -6/Proximity Caves | Destroyed 9 combat bots 19991 | -6/Proximity Caves | Discovered new exit (range 11) 21028 | -6/Proximity Caves | Entered Factory 21028 | -6/Factory | Accompanied by 3 allies 21028 | -6/Factory | Evolved 2 slots: Power x1, Utility x1 21029 | -6/Factory | Identified exit to Factory 21029 | -6/Factory | Identified exit to Lower Caves 21030 | -6/Factory | Loaded intel: 26 terminal locations 21031 | -6/Factory | Loaded intel: 4 garrison access locations 21696 | -6/Factory | Incoming investigation squad redirected 22354 | -6/Factory | Entered Lower Caves 22402 | -6/Lower Caves | Destroyed 7 combat bots 23078 | -6/Lower Caves | Learned Factory terminal intel 23348 | -6/Lower Caves | Attracted the attention of an 0b10 checkpoint 23672 | -6/Lower Caves | Build established: Skirmisher 23789 | -6/Lower Caves | Discovered new exit (range 7) 24104 | -6/Lower Caves | Identified exit to Lower Caves 24120 | -6/Lower Caves | Entered another Lower Caves area 24121 | -6/Lower Caves | Encountered a Warlord checkpoint 24252 | -6/Lower Caves | Discovered exit to Factory (range 5) 24427 | -6/Lower Caves | Build established: Scavenger-Skirmisher 25937 | -6/Lower Caves | Discovered new exit (range 9) 25959 | -6/Lower Caves | Learned Factory stockpile data 26443 | -6/Lower Caves | Identified exit to Zion 26444 | -6/Lower Caves | Entered Zion 26487 | -6/Zion | Found CR-A16's Pointy Stick 26533 | -6/Zion | Discovered new exit (range 21) 26847 | -6/Zion | Identified exit to Proximity Caves 26850 | -6/Zion | Entered Proximity Caves 26866 | -5/Proximity Caves | Learned location of Armory (-3) 27601 | -5/Proximity Caves | Attracted the attention of an 0b10 checkpoint 27721 | -5/Proximity Caves | Discovered exit to Factory (range 8) 27734 | -5/Proximity Caves | Learned location of 1 exit from Factory 27895 | -5/Proximity Caves | Found Alien Artifact 27895 | -5/Proximity Caves | Identified Dimensional Node Initializer 27895 | -5/Proximity Caves | Initialized slip node 28189 | -5/Proximity Caves | Entered Factory 28189 | -5/Factory | Evolved 2 slots: Propulsion x1, Utility x1 28190 | -5/Factory | Identified exit to Upper Caves 28191 | -5/Factory | Identified exit to Factory 28193 | -5/Factory | Loaded intel: 26 terminal locations 28786 | -5/Factory | Discovered exit to Factory (range 8) 28799 | -5/Factory | Entered another Factory area 28799 | -4/Factory | Evolved 2 slots: Propulsion x1, Utility x1 28800 | -4/Factory | Identified exit to Extension 29030 | -4/Factory | Identified exit to Upper Caves 29069 | -4/Factory | Build established: Bothacker-Skirmisher 29308 | -4/Factory | Found Prototype Launcher 29308 | -4/Factory | Identified Tesla Bomb Launcher 29509 | -4/Factory | Build established: Bothacker-Mutant 29510 | -4/Factory | Entered Upper Caves 29714 | -4/Upper Caves | Attracted the attention of an 0b10 checkpoint 30028 | -4/Upper Caves | Build established: Bothacker-Skirmisher 30690 | -4/Upper Caves | Discovered new exit (range 8) 31204 | -4/Upper Caves | Identified exit to Upper Caves 31206 | -4/Upper Caves | Entered another Upper Caves area 31215 | -4/Upper Caves | Learned Research terminal intel 31385 | -4/Upper Caves | Discovered new exit (range 21) 31429 | -4/Upper Caves | Identified exit to Research 31644 | -4/Upper Caves | Learned Research stockpile data 32192 | -4/Upper Caves | Learned Armory stockpile data 32192 | -4/Upper Caves | Learned Research garrison access intel 32459 | -4/Upper Caves | Destroyed 4D-V5X(g) 33333 | -4/Upper Caves | Discovered new exit (range 16) 33362 | -4/Upper Caves | Identified exit to Zhirov 33401 | -4/Upper Caves | Build established: Scavenger-Skirmisher 33806 | -4/Upper Caves | Entered Zhirov 33806 | -4/Zhirov | Accompanied by 2 allies 33806 | -4/Zhirov | Discovered new exit (range 4) 33836 | -4/Zhirov | Met Zhirov 33854 | -4/Zhirov | Build established: Derelict-Assassin 33887 | -4/Zhirov | Learned location of Quarantine (-3) 33887 | -4/Zhirov | Learned location of Testing (-2) 33887 | -4/Zhirov | Learned location of Command (-1) 33897 | -4/Zhirov | Zhirov requested help retrieving the SGEMP Prototype 33923 | -4/Zhirov | Found Alien Artifact 33923 | -4/Zhirov | Identified Integrated Reactor 33923 | -4/Zhirov | Installed Integrated Reactor, increased core energy generation (+10) 33943 | -4/Zhirov | Revealed the true nature of CR-A16's Pointy Stick 34045 | -4/Zhirov | Found Alien Artifact 34110 | -4/Zhirov | Identified exit to Proximity Caves 34112 | -4/Zhirov | Entered Proximity Caves 34112 | -3/Proximity Caves | Accompanied by 2 allies 34190 | -3/Proximity Caves | Encountered a Derelict sapper outpost 34312 | -3/Proximity Caves | Build established: Scavenger-Skirmisher 34552 | -3/Proximity Caves | Attracted the attention of an 0b10 checkpoint 34652 | -3/Proximity Caves | Discovered exit to Research (range 18) 34715 | -3/Proximity Caves | Entered Research 34715 | -3/Research | Evolved 2 slots: Power x1, Utility x1 34716 | -3/Research | Identified exit to Armory 34718 | -3/Research | Loaded intel: 25 terminal locations 34719 | -3/Research | Loaded intel: 4 garrison access locations 35290 | -3/Research | Discovered new exit (range 70) 35330 | -3/Research | Build established: Scavenger-Mutant 35455 | -3/Research | Discovered new exit (range 17) 35465 | -3/Research | First assault squad dispatched 35488 | -3/Research | Incoming assault squad redirected 35500 | -3/Research | Identified exit to Research 35526 | -3/Research | Entered another Research area 35526 | -2/Research | Evolved 2 slots: Utility x1, Weapon x1 35838 | -2/Research | Build established: Bothacker-Skirmisher 36404 | -2/Research | Identified exit to Testing 36473 | -2/Research | Found Imp. Powered Armor 36481 | -2/Research | Found Hvy. Reflective Plating 36597 | -2/Research | Discovered new exit (range 6) 36605 | -2/Research | Identified exit to Access 36617 | -2/Research | Entered Access 36617 | -1/Access | Evolved 2 slots: Utility x2 37005 | -1/Access | Spotted B-99 Colossus 37007 | -1/Access | Destroyed B-99 Colossus 37022 | -1/Access | Found Prototype Ballistic Gun 37022 | -1/Access | Identified Multirail 37117 | -1/Access | Identified exit to Surface 38199 | *** | Escaped! Last Messages --------------- 38105_ Slug penetrates H-81 Overseer. 38105_ H-81 Overseer calls for reinforcements. 38105_ ALERT: Hostile activity reported, dispatching reinforcements to area. 38105_ Slug penetrates Player 2. 38105_ Player 2 knocked back. 38106_ Slug penetrates H-81 Overseer. 38109_ U-05 Engineer builds a Wall. 38109_ Slug penetrates H-81 Overseer. 38110_ H-81 Overseer destroyed. 38125_ System corrupted: Heat flow error (+106). 38161_ Dropped Multirail. 38165_ System corrupted: Energy discharge (-196). 38168_ Player 2 drops Enh. Quantum Rifle. 38168_ Player 2 attaches Multirail. 38185_ Connecting with Terminal... >>Open(Door) Sealed Barrier opened. 38189_ System corrupted: Matter fused (-9). 38190_ The Access Shell folds into the floor. Map ----- +----------------------------------------------------+ | ???????????????????????????????# """" # #?????? | | ???????????????????????????????# """" # #?????? | | ???????????????????????????????# """" # #?????? | | ???????????????????????????????# """" # #?????? | | ???????????????????????????????# "" #!^#?????? | | ???????????????????????????????# "" #^%#?????? | | ???????????????????????????????# = # *+?????? | | ???????????????????????????????# #%%#?????? | | ???????????????????????????????# # !#?????? | | ???????????????????????????????#########" ##????? | | ???????? !############################ #????? | | ???????# #????? | | ???????? [ #????? | | ??????????????????### ""######### #????? | | ????????????????????# ""#???????######????? | | ????????????????????# ""#?????????????????? | | ????????????????????# T#?????????????????? | | ????????????????????# ""#?????????????????? | | ????????????????????# ""#?????????????????? | | ???????????????????## ""##????????????????? | | ???????????????????# #????????????????? | | ???????????????????## ##????????????????? | | ????????????????????# @ #?????????????????? | | ????????????????????# #?????????????????? | | ????????????????????# #?????????????????? | | ????????????????????# @" #?????????????????? | | ????????????????????# "" #?????????????????? | | ????????????????????# #?????????????????? | | ????????????????????# #?????????????????? | | ????????????????????# #?????????????????? | | ????????????????????#""""""""""#?????????????????? | | ?????????????????????????????????????????????????? | | ?????????????????????????????????????????????????? | | ?????????????????????????????????????????????????? | | ?????????????????????????????????????????????????? | | ?????????????????????????????????????????????????? | | ?????????????????????????????????????????????????? | | ?????????????????????????????????????????????????? | | ?????????????????????????????????????????????????? | | ?????????????????????????????????????????????????? | | ?????????????????????????????????????????????????? | | ?????????????????????????????????????????????????? | | ?????????????????????????????????????????????????? | | ?????????????????????????????????????????????????? | | ?????????????????????????????????????????????????? | | ?????????????????????????????????????????????????? | | ?????????????????????????????????????????????????? | | ?????????????????????????????????????????????????? | | ?????????????????????????????????????????????????? | | ?????????????????????????????????????????????????? | +----------------------------------------------------+ Best States ------------- Heat Dissipation 83 Coolant Potential 50 Energy Generation 69 Energy Capacity 965 Matter Stores 300 Matter Capacity 300 Sight Range 22 Robot Scan Range 18 Terrain Scan Density 10 Jamming Range 16 Armor Coverage 1250 Evasion (%) 40 Targeting Accuracy 14 Core Analysis 6 Recoil Reduction 6 Matter Filtering 50 Salvage Targeting 3 Offensive Hacking 45 Defensive Hacking 26 Relay Coupler Types 3 Relay Coupler Value 61 Item Schematics ----------------- Huge Storage Unit | -10/Materials | Hacked Hcp. Storage Unit | -10/Materials | Hacked Hrd. Medium Armor Plating | -9/Materials | Scanalyzed Cld. Ion Engine | -8/Materials | Scanalyzed System Restoration Module | -7/Factory | Scanalyzed Med. Treads | -7/Factory | Scanalyzed Combat Drone Bay | -7/Data Miner | Free Lgt. Regenerative Plating | -7/Data Miner | Free Biomechanical Wings | -7/Data Miner | Free Thermal Defense Suite | -7/Data Miner | Free Scatter Rocket Array | -7/Data Miner | Free Antigrav System | -7/Data Miner | Free Recoil Nullifier | -7/Data Miner | Free Imp. Plasma Cutter | -7/Data Miner | Free Mass Driver | -7/Data Miner | Free Adv. Datajack | -7/Data Miner | Free Assault Drone Bay | -4/Zhirov | Free Exp. Heat Sink | -4/Zhirov | Free Exp. Optical Array | -4/Zhirov | Free Imp. Arc Thrower | -4/Zhirov | Free Robot Schematics ------------------ M-28 Smith | -7/Data Miner | Free G-50 Soldier | -7/Data Miner | Free S-27 Virus | -7/Data Miner | Free G-47 Trooper | -7/Data Miner | Free Y-64 Sentinel | -7/Data Miner | Free B-60 Warrior | -7/Data Miner | Free M-22 Extractor | -7/Data Miner | Free Fabricated ------------ Nothing Alien Tech Used ----------------- Dimensional Node Initializer Integrated Reactor Achievements -------------- None Challenges ------------ None Player 2 | -11 -10 -10 -9 -9 -9 -8 -8 -8 -8 -8 -7 -7 -7 -7 -6 -6 -6 -6 -6 -5 -5 -4 -4 -4 -4 -3 -3 -2 -1 ---------- Run | Jun Mat Min Mat Min Exi Min Mat Gar Mat Gar Fac Low Low Dat Pro Fac Low Low Zio Pro Fac Fac Upp Upp Zhi Pro Res Res Acc Slots Evolved 18 | . . 2 . . . 2 . . . 2 . . . . 2 . . . . 2 2 . . . . 2 2 2 . Power 3 | . . 1 . . . 1 . . . . . . . . . . . . . . . . . . . 1 . . . Propulsion 6 | . . 1 . . . 1 . . . 1 . . . . . . . . . 2 . . . . . 1 . . . Utility 7 | . . . . . . . . . . 1 . . . . . . . . . . 2 . . . . . 2 2 . Weapon 2 | . . . . . . . . . . . . . . . 2 . . . . . . . . . . . . . . Parts Attached 223 | . 13 5 14 . . . 27 3 1 . 9 2 11 . 1 9 2 2 . 2 22 15 3 10 1 1 9 27 34 Parts Lost 39 | . . 1 . . . . 2 . . . 1 . 2 . . 2 . 1 . 1 7 1 . 1 . . 7 7 6 Damage Taken 12161 | . 237 290 287 137 . . 795 433 31 21 779 264 332 . 253 888 120 121 . 196 800 278 432 867 . 21 1738 1331 1510 Core 1334 | . 33 68 55 63 . . 68 . . . 84 6 13 . 21 136 24 40 . 17 77 . 91 41 . . 147 225 125 Player 2/Cogmind (%) 64 | . 44 100 48 100 . . 37 . . . 91 18 50 . 21 60 42 68 . 100 51 . 100 100 . . 77 89 86 Absorbed by Shields . | . . . . . . . . . . . . . . . . . . . . . . . . . . . . . . Damage Inflicted 24289 | . 983 670 907 219 . . 2270 680 385 232 1208 616 397 . 528 1315 630 399 . 448 839 972 863 1006 143 402 1612 2037 4528 Player 2/Cogmind (%) 45 | . 63 54 33 38 . . 49 38 60 77 41 34 29 . 23 47 30 21 . 39 52 70 50 35 70 60 37 68 51 Combat Hostiles Destroyed 163 | . 7 5 12 1 . . 16 9 3 7 6 7 4 . 4 10 5 4 . 8 6 6 5 6 . 2 7 6 17 Player 2/Cogmind (%) 48 | . 53 50 38 33 . . 47 45 100 87 42 41 66 . 28 62 29 33 . 80 66 75 50 60 . 50 33 46 54 Game ------ Seed ElectronPhasingWheel Manual? 0 Play Time 02:48:06 Cumulative 1404.1 hours Start 2023.08.16 @ 01:57:37 End 2023.08.17 @ 02:11:50 Sessions 7 Manual Loads 0 Difficulty Rogue Special Mode AFD2020/Player2 Game No. 992 Rogue 988 Adventurer 4 Explorer 0 Win Type 0 Total 166 Types 124/11/10/7/2/1/1/6/4 Lore% 96 Gallery% 98 Achievement% 98 Wizard Run 0 Options --------- ASCII 0 Keyboard 1 Movement Vi Keybinds 0 Fullscreen 0 Font 20/X11 Map View 76x50 Tactical HUD 1 Map Filters NONE Filters NONE Steam 1 RUN: 52e2a2f7-0d82-4a1c-94fa-01cb4f628511